 Dungeon Crawl Stone Soup version 0.28.0-45-g0d030f2227 (webtiles) character file.

Game seed: 3780016782490841349

7237 crimpus the Protected (level 10, -7/153 HPs)
             Began as a Minotaur Berserker on Apr 16, 2022.
             Was an Elder of Trog.
             Mangled by a minotaur
             ... wielding a +2 halberd of freezing
              (11 damage)
             ... in a Gauntlet.
             The game lasted 00:24:58 (13230 turns).

crimpus the Protected (Minotaur Berserker)         Turns: 13230, Time: 00:24:59

Health: -7/153     AC: 14    Str: 27    XL:     10   Next: 88%
Magic:  9/9        EV:  9    Int:  8    God:    Trog [****..]
Gold:   548        SH: 15    Dex:  9    Spells: 9/9 levels left

rFire   . . .      SeeInvis .   H - +1 trident (venom)
rCold   . . .      Faith    .   c - +0 kite shield
rNeg    . . .      Spirit   .   r - +0 chain mail
rPois   +          Reflect  +   (helmet restricted)
rElec   .          Harm     .   a - +0 cloak
rCorr   +          Rampage  .   (no gloves)
Will    .....      NoTele   +   (no boots)
Stlth   ..........              v - amulet of reflection
HPRegen 0.35/turn               u - ring "Zilad" {rPois Int+4}
MPRegen 0.11/turn               l - ring of resist corrosion

@: berserking (expiring), hasted, very quick
A: horns 2, retaliatory headbutt, talons 1, robust 1
a: Renounce Religion, Berserk, Trog's Hand, Brothers in Arms


You were in a Gauntlet.
You worshipped Trog.
Trog was greatly pleased with you.
You visited 1 branch of the dungeon, and saw 11 of its levels.
You also visited: Gauntlet.

You collected 548 gold pieces.

Inventory:

Hand Weapons
 H - a +1 trident of venom (weapon)
Armour
 a - a +0 cloak (worn)
 c - a +0 kite shield (worn)
 r - a +0 chain mail (worn)
Jewellery
 b - the ring "Duhegaec" {rC+ SInv}
   (You took it off a goblin on level 4 of the Dungeon)

   [ring of see invisible]

   rC:        It protects you from cold.
   SInv:      It lets you see invisible.
 h - a ring of see invisible
 i - a ring of protection from cold
 k - a ring of magical power
 l - a ring of resist corrosion (right hand)
 u - the ring "Zilad" (left hand) {rPois Int+4}
   (You found it in a Gauntlet)

   [ring of poison resistance]

   Int:       It affects your intelligence (+4).
   rPois:     It protects you from poison.
 v - an amulet of reflection (around neck)
 w - an amulet of guardian spirit
 y - a +6 ring of intelligence
 C - a ring of fire
 G - a ring of protection from cold
Wands
 j - a wand of polymorph (7)
 p - a wand of iceblast (8)
 q - a wand of paralysis (14)
 z - a wand of flame (42)
 F - a wand of digging (4)
Scrolls
 d - 3 scrolls of fear
 n - 2 scrolls of blinking
 s - a scroll of teleportation
Potions
 f - 3 potions of curing
 g - a potion of flight
 m - a potion of mutation
 o - a potion of heal wounds
 t - a potion of lignification
Miscellaneous
 A - a phial of floods


   Skills:
 + Level 10.0 Fighting
 - Level 3.7 Axes
 + Level 14.0 Armour
 + Level 6.6 Dodging
 + Level 8.5 Shields


You had 9 spell levels left.
You didn't know any spells.
Your spell library was empty.

Dungeon Overview and Level Annotations

Branches:
Dungeon (10/15)            Temple (0/1) D:6         Gauntlet (1/1)
   Lair: D:8-11         Orc: D:9-12

Altars:
Fedhas
Kikubaaqudgha
Makhleb
Nemelex Xobeh
Okawaru
Qazlal
Wu Jian
Xom
Jiyva

Shops:
D:3 *   D:6 (   D:7 *

Annotations:
D:8 3 runed translucent doors, Antichthon's ghost, novice NaWr Gauntlet 4 transporters


Innate Abilities, Weirdness & Mutations

You have a pair of horns on your head.
You reflexively headbutt those who attack you in melee.
You have sharp toenails.
You are robust. (+10% HP)


Message History

You feel yourself speed up.
A red film seems to cover your vision as you go berserk!
You feel yourself moving faster!
You feel mighty!
The minotaur hits you from afar with a +2 halberd of freezing!!
The minotaur freezes you.
You feel a strong urge to attack something.
There is an open door here.
You barely miss the minotaur.
The minotaur furiously retaliates!
The minotaur headbutts you.
You headbutt the minotaur!
The minotaur is lightly wounded.
The minotaur barely misses you.
The minotaur gores you but does no damage.
You puncture the minotaur! Your kick misses the minotaur.
The minotaur is moderately wounded.
You block the minotaur's attack. The minotaur barely misses you.
You hit the minotaur. Your kick misses the minotaur.
Your headbutt misses the minotaur.
The minotaur is moderately wounded.
The minotaur hits you with a +2 halberd of freezing!
The minotaur freezes you. The minotaur barely misses you.
You barely miss the minotaur. Your kick misses the minotaur.
The minotaur is moderately wounded.
The minotaur hits you with a +2 halberd of freezing!!
The minotaur freezes you. The minotaur gores you.
You puncture the minotaur! You headbutt the minotaur.
The minotaur is heavily wounded.
The minotaur hits you with a +2 halberd of freezing!!
* * * LOW HITPOINT WARNING * * *
The minotaur freezes you.
* * * LOW HITPOINT WARNING * * *
You block the minotaur's attack.
You barely miss the minotaur.
The minotaur furiously retaliates!
The minotaur headbutts you.
* * * LOW HITPOINT WARNING * * *
You claw the minotaur. You headbutt the minotaur!
The minotaur is severely wounded.
The minotaur hits you with a +2 halberd of freezing!!
* * * LOW HITPOINT WARNING * * *
The minotaur freezes you!
You die...

###### . ##
..##.##...#..#© ..
#.##....8.#..#$#.
#.##....##...#..#?#.
...##.##.8.#..#G.#
#.##......#..#u..
#....##...#..####
######.##.##.©.#§.....
#∩..H@.##......#∩.....
######....##.©.#§.....
#....##.##...#..####
..##.##......#..#...
#....##.8.#..#...
..##.##...#..#(.#
#.##....8.#..#...
#....##...#..#©..
#≈8≈#..#...


You could see a minotaur.

Vanquished Creatures
  A two-headed ogre (D:6)
  An ice statue (Gauntlet)
  A rime drake (Gauntlet)
  An efreet (Gauntlet)
  Sigmund (D:6)
  A shadow (D:9)
  3 fire elementals (Gauntlet)
  A wraith (D:9)
  A wyvern (D:9)
  A basilisk (D:11)
  A steam dragon (D:9)
  A water moccasin (D:7)
  An acid dragon (D:11)
  A hell hound (Gauntlet)
  4 orc warriors
  A sky beast (D:8)
  A necrophage (D:5)
  2 ice beasts
  An ogre (D:6)
  3 phantoms
  3 kobold brigands
  A bullfrog (D:7)
  5 scorpions
  2 wyvern zombies
  8 wights
  3 centaur zombies
  5 jellies
  5 orc priests
  2 hounds (D:6)
  A gnoll shaman (D:4)
  An iguana (D:5)
  4 orc wizards
  6 small abominations (Gauntlet)
  A hound zombie (D:5)
  2 howler monkey zombies
  5 gnolls
  2 adders
  2 white imps
  An ufetubus (D:6)
  An adder skeleton (D:4)
  3 dart slugs
  28 orcs
  8 endoplasms
  8 giant cockroaches
  19 goblins
  12 hobgoblins
  6 jackals
  2 quokkas
  11 ball pythons
  4 bats
  5 frilled lizards
  24 kobolds
  11 rats
229 creatures vanquished.

Vanquished Creatures (collateral kills)
  Harold (D:7)
  An ogre (D:7)
2 creatures vanquished.

Vanquished Creatures (others)
  25 demonic plants (Gauntlet)
25 creatures vanquished.

Grand Total: 256 creatures vanquished

Notes
Turn   | Place    | Note
-------+----------+-------------------------------------------
     0 | D:1      | crimpus the Minotaur Berserker began the quest for the Orb.
     0 | D:1      | Reached XP level 1. HP: 19/19 MP: 0/0
   287 | D:1      | Found a faded altar of an unknown god.
   305 | D:1      | Reached XP level 2. HP: 27/27 MP: 1/1
  1349 | D:2      | Reached XP level 3. HP: 30/34 MP: 2/2
  1475 | D:2      | Reached skill level 3 in Armour
  1518 | D:2      | Reached ** piety under Trog
  2055 | D:2      | Reached skill level 5 in Fighting
  2059 | D:2      | Reached XP level 4. HP: 32/42 MP: 3/3
  2651 | D:3      | Found a blossoming altar of Fedhas.
  2657 | D:3      | Found a burning altar of Makhleb.
  2662 | D:3      | Found a stormy altar of Qazlal.
  2662 | D:3      | Found a shimmering altar of Xom.
  2669 | D:3      | Found an iron altar of Okawaru.
  2672 | D:3      | Found Jael's Assorted Antiques.
  2833 | D:3      | Reached *** piety under Trog
  3395 | D:4      | Noticed a scorpion
  3400 | D:4      | Killed a scorpion
  3401 | D:4      | Reached skill level 4 in Armour
  3401 | D:4      | Reached XP level 5. HP: 48/48 MP: 4/4
  3471 | D:4      | Identified the ring "Duhegaec" {rC+ SInv}
  3743 | D:4      | Reached skill level 5 in Armour
  3743 | D:4      | Reached XP level 6. HP: 56/57 MP: 5/5
  4141 | D:4      | Reached skill level 6 in Armour
  4146 | D:4      | Paralysed by an orc for 5 turns
  4501 | D:5      | Entered Level 5 of the Dungeon
  4507 | D:5      | Noticed an ice beast
  4519 | D:5      | Killed an ice beast
  4520 | D:5      | Reached XP level 7. HP: 63/63 MP: 6/6
  4590 | D:5      | Reached skill level 1 in Shields
  4829 | D:4      | Reached skill level 7 in Armour
  5984 | D:5      | Reached skill level 5 in Dodging
  5991 | D:5      | Reached XP level 8. HP: 65/71 MP: 7/7
  6113 | D:5      | Reached skill level 8 in Armour
  6379 | D:5      | Reached **** piety under Trog
  6406 | D:5      | Found an ornate altar of the Wu Jian Council.
  7000 | D:6      | Reached skill level 9 in Armour
  7244 | D:6      | Found Sifaze's Weapon Emporium.
  7359 | D:6      | Found a sparkling altar of Nemelex Xobeh.
  7445 | D:6      | Noticed a two-headed ogre
  7453 | D:6      | Killed a two-headed ogre
  7454 | D:6      | Reached skill level 10 in Armour
  7454 | D:6      | Reached XP level 9. HP: 81/81 MP: 8/8
  7488 | D:6      | Found a staircase to the Ecumenical Temple.
  7846 | D:6      | Noticed Sigmund
  7853 | D:6      | Killed Sigmund
  7900 | D:7      | Noticed Harold
  7910 | D:7      | Killed Harold
  7911 | D:7      | Reached skill level 11 in Armour
  7911 | D:7      | Reached skill level 5 in Shields
  8263 | D:7      | Reached skill level 12 in Armour
  8599 | D:7      | Gained mutation: You are resistant to electric shocks.
                  | (rElec) [potion of mutation]
  8600 | D:7      | Lost mutation: You are resistant to electric shocks.
                  | (rElec) [potion of mutation]
  8600 | D:7      | Gained mutation: You have sharp toenails. [potion of
                  | mutation]
  8600 | D:7      | Gained mutation: You are robust. (+10% HP) [potion of
                  | mutation]
  9013 | D:7      | Found Tarar's Wicked Wares.
  9530 | D:8      | Reached XP level 10. HP: 72/99 MP: 7/9
  9750 | D:8      | Found a runed translucent gate.
  9750 | D:8      | Found a runed translucent gate.
  9750 | D:8      | Found a runed translucent gate.
  9765 | D:8      | Noticed Antichthon's ghost (novice NaWr)
 10056 | D:8      | Found a viscous altar of Jiyva.
 12126 | D:10     | Entered Level 10 of the Dungeon
 12126 | D:10     | Found an ancient bone altar of Kikubaaqudgha.
 12136 | D:10     | You fall into a shaft and drop 1 floor!
 12155 | D:11     | Reached skill level 13 in Armour
 12220 | D:11     | Noticed an ice dragon
 12224 | D:11     | Found a gate leading to a gauntlet.
 12228 | Gauntlet | Entered a Gauntlet
 12228 | Gauntlet | Noticed a death scarab
 12228 | Gauntlet | Found a transporter.
 12228 | Gauntlet | Found a transporter.
 12228 | Gauntlet | Found a transporter.
 12251 | Gauntlet | Noticed a spectral six-headed hydra
 12399 | Gauntlet | Found a transporter.
 12402 | Gauntlet | Found a transporter.
 12402 | Gauntlet | Found a transporter.
 12409 | Gauntlet | Noticed an ice statue
 12415 | Gauntlet | Found a transporter.
 12419 | Gauntlet | Found a transporter.
 12422 | Gauntlet | Noticed a glowing orange brain
 12426 | Gauntlet | Noticed a glowing orange brain
 12431 | Gauntlet | Found a transporter.
 12621 | Gauntlet | Killed an ice statue
 12888 | Gauntlet | Reached skill level 10 in Fighting
 12888 | Gauntlet | Reached skill level 14 in Armour
 12898 | Gauntlet | Identified the ring "Zilad" {rPois Int+4}
 13208 | Gauntlet | Noticed a purple ugly thing
 13210 | Gauntlet | Found a transporter.
 13221 | Gauntlet | Noticed a minotaur
 13230 | Gauntlet | HP: 4/153 [minotaur/+2 halberd of freezing (31)]
 13230 | Gauntlet | Mangled by a minotaur

Illustrated notes

Levels and vault maps discovered:
D:1:      dpeg_arrival_orchard, layout_basic, ebering_ecumenical_altar_hall
D:2:      layout_basic, grunt_decor_cap, grunt_ministairs_2
D:3:      cheibrodos_greedy_goblins, layout_rooms,
          nicolae_overflow_hallway_of_the_gods, serial_shops, shop,
          serial_rivers, chequers_serial_rivers_micro_b,
          chequers_serial_rivers_small_a, chequers_serial_rivers_marsh,
          chequers_serial_rivers_micro_c, grunt_ministairs_13,
          minmay_starry_boxes
D:4:      layout_loops_ring, corexii_hall_statues_t
D:5:      layout_loops_cross, pdpol_wu_jian_five_deadly_venoms
D:6:      layout_basic, nemelex_diamond_rough_becter,
          minmay_temple_entry_statues_pillars, serial_shops,
          nicolae_shop_hallway_stairs, uniq_sigmund
D:7:      layout_basic, nicolae_evil_shop, uniq_harold
D:8:      layout_cave_pools, gammafunk_ghost_ooze
D:9:      layout_stronghold, amcnicky_mini_pool_small
D:10:     layout_rooms, old_standard_altar, orc_0_dummy
D:11:     nicolae_hexawheel, layout_basic, dpeg_oklobed_lair,
          gauntlet_entry_generic, minmay_three_doors
Gauntlet: gammafunk_gauntlet_hard_choice [nicolae_gauntlet_swirl,
          nicolae_gauntlet_arena_t_cross, gammafunk_gauntlet_arena_spirals,
          gammafunk_gauntlet_arena_split_x, gammafunk_gauntlet_arena_hedges,
          nicolae_gauntlet_arena_quarters, gauntlet_exit_green]

Skill      XL: |  1  2  3  4  5  6  7  8  9 10 |
---------------+-------------------------------+-----
Fighting       | 4 5 6 7 8 10 | 10.0
Armour         | 3 4 5 6 7 10 12 14 | 14.0
Dodging        | 3 4 5 6 |  6.6
Shields        | 2 4 6 8 |  8.5
Axes           | |  3.7

Action                   |  1- 3 |  4- 6 |  7- 9 | 10-12 || total
-------------------------+-------+-------+-------+-------++-------
Melee: Hand axe          |    44 |       |       |       ||    44
       Headbutt          |    15 |    16 |    59 |    38 ||   128
       Short sword       |    60 |    24 |       |       ||    84
       Punch             |     3 |       |       |       ||     3
       Dagger            |       |   112 |   325 |    87 ||   524
       Kick              |       |       |    21 |    70 ||    91
       Trident           |       |       |       |    90 ||    90
Invok: Berserk           |     1 |     3 |     5 |     6 ||    15
       Trog's Hand       |       |       |     2 |     1 ||     3
       Brothers in Arms  |       |       |     1 |       ||     1
  Use: Scroll            |       |     7 |     5 |     5 ||    17
       Potion            |       |     1 |     2 |     5 ||     8
 Stab: Invisible         |       |       |       |     3 ||     3
Armor: Animal skin       |     2 |       |       |       ||     2
       Scale mail        |    46 |    58 |    51 |       ||   155
       Chain mail        |       |       |   113 |    82 ||   195
Dodge: Dodged            |    67 |    64 |   112 |    69 ||   312
Block: Kite shield       |       |    22 |   114 |    75 ||   211
